 Dungeon Crawl Stone Soup version 0.31-a0-174-g85c54bcb58 (webtiles) character file.

Game seed: 4020133465751285308

52 IdlyInterested the Trooper (level 3, 0/30 HPs)
             Began as a Demonspawn Fighter on June 15, 2023.
             Slain by a gnoll
             ... wielding a +0 whip
              (3 damage)
             ... on level 3 of the Dungeon.
             The game lasted 00:04:38 (1229 turns).

IdlyInterested the Trooper (Demonspawn Fighter)     Turns: 1229, Time: 00:04:38

Health: 0/30       AC: 11    Str: 16    XL:     3   Next: 60%
Magic:  3/3        EV:  6    Int:  9    God:
Gold:   92         SH:  4    Dex: 14    Spells: 2/2 levels left

rFire   . . .        a - +0 trident
rCold   . . .        c - +0 buckler
rNeg    . . .        k - +0 chain mail
rPois   .            h - +1 helmet
rElec   .            (no cloak)
rCorr   .            (no gloves)
SInv    +            (no boots)
Will    .....        (no amulet) Stlth
                     i - ring of see invisible
HPRegen 0.25/turn    (no ring)
MPRegen 0.08/turn

%: no passive effects
@: hasted, very quick
A: claws 1
a: no special abilities


You were on level 3 of the Dungeon.
You visited 1 branch of the dungeon, and saw 3 of its levels.

You collected 92 gold pieces.

Inventory:

Hand Weapons
 a - a +0 trident (weapon)
Missiles
 e - 2 atropa-tipped darts
 g - 7 stones (quivered)
 l - 8 poisoned darts
Armour
 c - a +0 buckler (worn)
 h - a +1 helmet (worn)
 k - a +0 chain mail (worn)
Jewellery
 i - a ring of see invisible (left claw)
Potions
 d - a potion of might
 f - a potion of magic


   Skills:
 + Level 3.9 Fighting
 - Level 2.0 Polearms
 - Level 3.0 Armour
 - Level 2.6 Shields
 + Level 1.3 Unarmed Combat


You had 2 spell levels left.
You didn't know any spells.
Your spell library was empty.

Dungeon Overview and Level Annotations

Branches:
Dungeon (3/15)

Altars:


Innate Abilities, Weirdness & Mutations

You have sharp fingernails.


Message History

Found 10 gold pieces.
You now have 92 gold pieces (gained 10).
Found a stone staircase leading down.
Found an escape hatch in the ceiling.
A gnoll comes into view. It is wielding a +0 spear.
Found a robe and a mace.
The gnoll shouts!
You hear a shout!
A gnoll comes into view. It is wielding a +0 whip.
The gnoll shouts!
A gnoll comes into view. It is wielding a +0 club.
The gnoll shouts!
The gnoll hits you with a +0 spear.
You hit the gnoll.
The gnoll is heavily wounded.
The gnoll hits you with a +0 spear! The gnoll hits you with a +0 whip.
You hit the gnoll.
The gnoll is heavily wounded.
The gnoll hits you but does no damage.
You hit the gnoll.
The gnoll is almost dead.
The gnoll hits you but does no damage. The gnoll hits you with a +0 whip.
You hit the gnoll.
The gnoll is almost dead.
You hear the slow rusting of a drain very nearby.
The gnoll hits you with a +0 spear. The gnoll hits you with a +0 whip.
The gnoll hits you but does no damage.
You puncture the gnoll!
You kill the gnoll!
The gnoll barely misses you. The gnoll hits you with a +0 whip.
* * * LOW HITPOINT WARNING * * *
The gnoll hits you with a +0 club.
* * * LOW HITPOINT WARNING * * *
The gnoll closely misses you.
You feel yourself speed up. The gnoll closely misses you.
The gnoll hits you but does no damage.
You hit the gnoll but do no damage. You puncture the gnoll!
The gnoll is heavily wounded.
The gnoll hits you with a +0 whip.
You die...

### ###### .... ##....#
### .....#########.###.#
#.#
....[.gg#.#.#..###.###.#
......)@..#.#..#.......#
.....##..>.....#.#.###.#
... #.....#.##.#.....# .
...........##.#######
.......######.#
........# #.#
........######.######
....................#
.....)#######.####.#


You could see 2 gnolls.

Vanquished Creatures
  A gnoll (D:3)
  An adder (D:2)
  3 dart slugs (D:2)
  4 endoplasms (D:2)
  A giant cockroach (D:2)
  3 goblins
  2 hobgoblins (D:2)
  3 kobolds
  4 ball pythons
  2 bats (D:1)
  3 frilled lizards
  A rat (D:1)
28 creatures vanquished.

Notes
Turn   | Place    | Note
-------+----------+-------------------------------------------
     0 | D:1      | IdlyInterested the Demonspawn Fighter began the quest for
                  | the Orb.
     0 | D:1      | Reached XP level 1. HP: 18/18 MP: 1/1
   516 | D:2      | Discovered your monstrous ancestry.
   516 | D:2      | Gained mutation: You have sharp fingernails. [demonic
                  | ancestry]
   516 | D:2      | Reached XP level 2. HP: 24/24 MP: 2/2
   693 | D:2      | Reached XP level 3. HP: 29/29 MP: 3/3
   951 | D:2      | Reached skill level 1 in Unarmed Combat
  1229 | D:3      | Slain by a gnoll

Illustrated notes

Levels and vault maps discovered:
D:1:      dpeg_arrival_connections, layout_rooms, minmay_door_square,
          hangedman_decor_clover_reticule
D:2:      layout_rooms
D:3:      layout_basic, gup_sewer_entry_spiral, saegor_snake_ambush

Skill      XL: |  1  2  3 |
---------------+----------+-----
Polearms       | 2 |  2.0
Armour         | 3 |  3.0
Unarmed Combat | 1 |  1.3
Fighting       | |  3.9
Shields        | |  2.6

Action                     || total
---------------------------++-------
  Melee: Trident           ||    75
    Use: Scroll            ||     2
         Potion            ||     2
 Armour: Scale mail        ||    10
         Chain mail        ||    39
  Dodge: Dodged            ||    21
  Block: Buckler           ||    15

Table legend: (Time is in decaauts)
 A = Elapsed time spent in this place.
 B = Non-inter-level travel time spent in this place.
 C = Inter-level travel time spent in this place.
 D = Time resting spent in this place.
 E = Time spent auto-exploring this place.
 F = Levels seen in this place.
 G = Mean time per level.
                   A        B        C        D        E       F      G
               +--------+--------+--------+--------+--------+-----+--------+
         Total |   1246 |   1044 |    202 |     17 |    652 |   3 |  415.3 |
       Dungeon |   1246 |   1044 |    202 |     17 |    652 |   3 |  415.3 |
               +--------+--------+--------+--------+--------+-----+--------+

Top non-repeatable levels by time:
     D:1: 617 daAuts
     D:2: 575 daAuts
     D:3: 53 daAuts
